 Dungeon Sprint DCSS version 0.31-a0-986-g5e6e4ef867 (webtiles) character file.

Game seed: 3613397561871348829

309688 rocky1 the Invulnerable (level 20, -2/197 HPs)
             Began as a Gnoll Warper on Nov 20, 2023.
             Was the Champion of Cheibriados.
             Killed by the air
             ... invoked by a blizzard demon
              (9 damage)
             ... in the Dungeon (Sprint VII: "The Pits") on Nov 22, 2023.
             The game lasted 01:11:34 (12398 turns).

rocky1 the Invulnerable (Gnoll Warper)             Turns: 12398, Time: 01:11:35

Health: -2/197     AC: 26    Str: 21    XL:     20   Next: 81%
Magic:  60/60      EV: 37    Int: 36    God:    Cheibriados [******]
Gold:   220        SH: 39    Dex: 35    Spells: 30/73 levels left

rFire   + . .        a - +11 Sulking Sword {sonic wave}
rCold   + + +        j - +8 tower shield {reflect}
rNeg    + + +        Z - +4 chain mail "Luogh" {rElec rN+ Regen+ Dex-4}
rPois   +            q - +2 helmet {Int+3}
rElec   +            w - +2 cloak
rCorr   .            H - +2 pair of gloves of Lekidola {Dex+3}
SInv    .            T - +2 pair of boots "Ekkufava" {rN+ Int+3 Dex+3}
Will    ++++.        v - amulet "Puquup Cousk" {RegenMP rN+ Str-2 Int+7}
Stlth   ++++++++     K - ring of Vaphyul {rPois rF+ Dex-2 Slay+3 Stlth+}
HPRegen 1.32/turn    x - ring of Axkyercha {rC+++ Will+++ MP+9 Str-3 Int-5}
MPRegen 0.77/turn

%: no teleportation, reflection
@: mighty, silenced, corroded, studying 5 skills, invisible, very slow
A: fangs 1, strong nose, distributed training, mutation resistance 1
}: 3/3 runes: silver, golden, iron
a: Renounce Religion


You were in the Dungeon.
You worshipped Cheibriados.
Cheibriados was exalted by your worship.
You visited 1 branch You collected 220 gold pieces.

Inventory:

Hand Weapons
 a - the +11 Sulking Sword (weapon) {sonic wave}
   (You took it off a merfolk in the Dungeon)
 b - the +7 hand cannon "Mule" {flame, backblast, rF+}
   (You took it off a vampire in the Dungeon)

   rF+:       It protects you from fire.
 s - the +7 Spriggan's Knife {stab, EV+4 Stlth+}
   (You found it in the Dungeon)

   Stab:      It is more effective when stabbing unaware enemies, sometimes
   treating them as though they were completely helpless.
   EV+4:      It affects your evasion (+4).
   Stlth+:    It makes you more stealthy.
Missiles
 B - 5 javelins
Armour
 j - a +8 tower shield of reflection (worn)
 q - a +2 helmet of intelligence (worn)
 u - the quicksilver dragon scales of Henotheism {rPois rF+ Will+ Int+3 Stlth-}
   (You found it in the Dungeon)

   Int+3:     It affects your intelligence (+3).
   rF+:       It protects you from fire.
   rPois:     It protects you from poison Will+: It increases your willpower.
   Stlth-:    It makes you less stealthy.
 w - a +2 cloak (worn)
 H - the +2 pair of gloves of Lekidola (worn) {Dex+3}
   (You found it in the Dungeon)

   Dex+3:     It affects your dexterity (+3).
 T - the +2 pair of boots "Ekkufava" (worn) {rN+ Int+3 Dex+3}
   (You found it in the Dungeon)

   Int+3:     It affects your intelligence (+3).
   Dex+3:     It affects your dexterity (+3).
   rN+:       It protects you from negative energy.
 Z - the +4 chain mail "Luogh" (worn) {rElec rN+ Regen+ Dex-4}
   (You found it in the Dungeon)

   Dex-4:     It affects your dexterity (-4).
   rElec:     It insulates you from electricity.
   rN+:       It protects you from negative energy.
   Regen+:    It increases your rate of health regeneration.
Jewellery
 d - a +6 ring of intelligence
 v - an amulet "Puquup Cousk" (around neck) {RegenMP rN+ Str-2 Int+7}
   (You found it in the Dungeon)

   [amulet of magic regeneration]

   RegenMP:   It increases your rate of magic regeneration.
   Str-2:     It affects your strength (-2).
   Int+7:     It affects your intelligence (+7).
   rN+:       It protects you from negative energy.
 x - the ring of Axkyercha (right hand) {rC+++ Will+++ MP+9 Str-3 Int-5}
   (You found it in the Dungeon)

   [ring of magical power]

   Str-3:     It affects your strength (-3).
   Int-5:     It affects your intelligence (-5).
   rC+++:     It renders you almost immune to cold.
   Will+++:   It greatly increases your willpower.
   MP+9:      It affects your magic capacity (+9).
 J - the ring of Nohenaex {rF+ rC+ Int+2 SInv}
   (You found it in the Dungeon)

   [ring of see invisible]

   Int+2:     It affects your intelligence (+2).
   rF+:       It protects you from fire.
   rC+:       It protects you from cold.
   SInv:      It lets you see invisible.
 K - the ring of Vaphyul (left hand) {rPois rF+ Dex-2 Slay+3 Stlth+}
   (You found it in the Dungeon)

   [ring of protection from fire]

   Dex-2:     It affects your dexterity (-2).
   Slay+3:    It affects your accuracy & damage with ranged weapons and melee
   (+3).
   rF+:       It protects you from fire.
   rPois:     It protects you from poison Stlth+: It makes you more stealthy.
Talismans
 D - a talisman of death
 Y - a granite talisman
Wands
 o - a wand of quicksilver (4)
 p - a wand of mindburst (6)
Scrolls
 k - 3 scrolls of vulnerability
 l - 5 scrolls of amnesia
 m - 3 scrolls of butterflies
 A - a scroll of identify
 N - a scroll of blinking
 O - 7 scrolls of enchant weapon
 P - 4 scrolls of fog
 R - a scroll of fear
 S - a scroll of poison
 U - a scroll of revelation
Potions
 e - 10 potions of curing
 f - 11 potions of heal wounds
 i - a potion of mutation
 n - 5 potions of magic
 G - 2 potions of brilliance
 Q - a potion of might
Miscellaneous
 c - a phantom mirror
 g - a lightning rod (4/4)
 E - a condenser vane


   Skills:
 O Level 27 Fighting
 O Level 27 Short Blades
 O Level 27 Long Blades
 O Level 27 Axes
 O Level 27 Maces & Flails
 O Level 27 Polearms
 O Level 27 Staves
 O Level 27 Ranged Weapons
 O Level 27 Throwing
 O Level 27 Armour
 O Level 27 Dodging
 O Level 27 Stealth
 O Level 27 Shields
 O Level 27 Unarmed Combat
 O Level 27 Spellcasting
 + Level 25.9 Conjurations
 + Level 25.9 Hexes
 + Level 25.9 Summonings
 + Level 25.9 Necromancy
 + Level 26.3 Translocations
 + Level 25.9 Transmutations
 + Level 25.9 Fire Magic
 + Level 25.9 Ice Magic
 O Level 27 Air Magic
 + Level 25.9 Earth Magic
 + Level 25.9 Poison Magic
 O Level 27 Invocations
 O Level 27 Evocations
 O Level 27 Shapeshifting


You had 30 spell levels left.
You knew the following spells:

 Your Spells              Type           Power      Damage    Failure   Level
a - Blink                 Tloc           100%       N/A       0%          2
b - Lesser Beckoning      Tloc           100%       N/A       0%          2
c - Teleport Other        Tloc           100%       N/A       0%          3
d - Manifold Assault      Tloc           100%       N/A       0%          4
e - Vhi's Electric Charg  Tloc/Air       100%       N/A       0%          4
f - Wereblood             Tmut           100%       N/A       0%          2
g - Plasma Beam           Fire/Air       63%        2x1d79    0%          6
h - Silence               Hex/Air        63%        N/A       0%          5
i - Haunt                 Necr/Summ      62%        N/A       1%          7
j - Lehudib's Crystal Sp  Conj/Erth      62%        10d14     1%          8

Your spell library contained the following spells:

 Spells                   Type           Power      Damage    Failure   Level
 Apportation              Tloc           100%       N/A       0%          1
 Slow                     Hex            100%       N/A       0%          1
 Sting                    Tmut/Pois      100%       1d8       0%          1
 Cigotuvi's Dreadful Rot  Necr/Pois/Air  100%       N/A       0%          2
 Jinxbite                 Hex            100%       N/A       0%          2
 Passwall                 Tmut/Erth      100%       N/A       0%          2
 Poisonous Vapours        Pois/Air       100%       N/A       0%          2
 Scorch                   Fire           100%       2d9       0%          2
 Sublimation of Blood     Necr           100%       N/A       0%          2
 Call Canine Familiar     Summ           100%       N/A       0%          3
 Confusing Touch          Hex            100%       N/A       0%          3
 Frozen Ramparts          Ice            100%       1d16      0%          3
 Gell's Gravitas          Tloc           100%       N/A       0%          3
 Hailstorm                Conj/Ice       100%       3d20      0%          3
 Ignite Poison            Fire/Tmut/Pois 100%       N/A       0%          3
 Inner Flame              Hex/Fire       100%       N/A       0%          3
 Mephitic Cloud           Conj/Pois/Air  100%       N/A       0%          3
 Ozocubu's Armour         Ice            100%       N/A       0%          3
 Sigil of Binding         Hex            100%       N/A       0%          3
 Stone Arrow              Conj/Erth      100%       3d13      0%          3
 Summon Guardian Golem    Hex/Summ       100%       N/A       0%          3
 Vampiric Draining        Necr           100%       2d13      0%          3
 Volatile Blastmotes      Fire/Tloc      100%       2d18      0%          3
 Animate Armour           Summ/Erth      100%       N/A       0%          4
 Cause Fear               Hex            62%        N/A       0%          4
 Dimensional Bullseye     Hex/Tloc       63%        N/A       0%          4
 Flame Wave               Conj/Fire      100%       2d21      0%          4
 Fulminant Prism          Conj/Hex       62%        3d26      0%          4
 Iskenderun's Mystic Bla  Conj/Tloc      100%       2d19      0%          4
 Leda's Liquefaction      Hex/Erth       62%        N/A       0%          4
 Passage of Golubria      Tloc           100%       N/A       0%          4
 Petrify                  Tmut/Erth      100%       N/A       0%          4
 Sticky Flame             Conj/Fire      100%       2d11      0%          4
 Summon Ice Beast         Ice/Summ       100%       N/A       0%          4
 Arcjolt                  Conj/Air       63%        1d73      0%          5
 Fireball                 Conj/Fire      62%        3d24      0%          5
 Freezing Cloud           Conj/Ice/Air   63%        6-21      0%          5
 Irradiate                Conj/Tmut      62%        3d32      0%          5
 Metabolic Englaciation   Hex/Ice        62%        N/A       0%          5
 Summon Forest            Summ/Tloc      63%        N/A       0%          5
 Summon Mana Viper        Hex/Summ       100%       N/A       0%          5
 Bombard                  Conj/Erth      62%        9d10      0%          6
 Dispersal                Tloc           63%        N/A       0%          6
 Eringya's Noxious Bog    Tmut/Pois      62%        4d6       0%          6
 Summon Cactus Giant      Summ           62%        N/A       0%          6
 Monstrous Menagerie      Summ           62%        N/A       1%          7
 Summon Hydra             Summ           62%        N/A       1%          7
 Borgnjor's Revivificati  Necr           62%        N/A       1%          8
 Discord                  Hex            62%        N/A       1%          8
 Disjunction              Tloc           63%        N/A       1%          8
 Death's Door             Necr           62%        N/A       2%          9
 Dragon's Call            Summ           62%        N/A       2%          9


Dungeon Overview and Level Annotations

Branches:
Dungeon (1/1)

Altars:
Ashenzari
Cheibriados
Dithmenos
Elyvilon
Fedhas
Gozag
Hepliaklqana
Kikubaaqudgha
Makhleb
Nemelex Xobeh
Okawaru
Qazlal
Ru
Sif Muna
Trog
Uskayaw
Vehumet
Wu Jian
Xom
Yredelemnul
Zin
The Shining One
Jiyva
Lugonu

Annotations:
D Asmodeus, Louise


Innate Abilities, Weirdness & Mutations

You have very sharp teeth.
Your uncanny sense of smell can sniff out nearby items.
Your experience applies equally to all skills.
You are somewhat resistant to further mutation.


Message History

The balrug gestures at you.
Your +8 tower shield of reflection blocks the sticky flame... and reflects it back!
The sticky flame hits the balrug.
The balrug completely resists.
The balrug is covered in liquid flames!
The balrug gestures at you.
Your +8 tower shield of reflection blocks the sticky flame... and reflects it back!
The sticky flame hits the balrug.
The balrug completely resists.
The balrug is covered in liquid flames!
Asmodeus hits you with the +13 sceptre of Asmodeus!
* * * LOW HITPOINT WARNING * * *
You block the purple draconian shifter's attack.
You barely miss the Orb Guardian.
The Orb Guardian is moderately wounded.
You resist.
* * * LOW HITPOINT WARNING * * *
You block the Orb Guardian's attack. You block the acid blob's attack.
The balrug hits you but does no damage. You block the balrug's attack.
Unknown command.
You barely miss the Orb Guardian.
The Orb Guardian is moderately wounded.
You block the Orb Guardian's attack. You block the balrug's attack.
You block Asmodeus's attack.
The purple draconian shifter completely misses you.
The acid blob spits acid at you. The splash of acid misses you.
The balrug gestures at you. Something smites you!
* * * LOW HITPOINT WARNING * * *
You block the balrug's attack.
Unknown command.
You closely miss the Orb Guardian.
You bite the Orb Guardian, but do no damage.
The Orb Guardian is moderately wounded.
You resist. The Orb Guardian completely misses you. The balrug gestures at you.
The sticky flame misses you.
The sticky flame hits the Orb Guardian!
The Orb Guardian is covered in liquid flames!
Asmodeus misses you.
The blizzard demon waves its arms in wide circles.
You die...

,,,,,*,,,,,,,,,,,,,,,,,*#........
,,,,,*,,,..............##########
,,,,,*,,,......@.......# ###### #
,,,,**,,*..............# #.'#.###
,,,**,,,*..............#####...'.
,***,,,,*..............##.###.###
**,,,,,**#.....DqD☼...#**#'.#'#.#
,,,,,,** *#...XJ2&2..#* #...#.[.
,,,,,** *#..X2@22.#* ###.###.'
****** ####qX#### #.#'#.### #####
#######''#### *#'.'##.# ....#
###...........### #...'...
....###...............## ##.###.#
....##.................# ######'#
....##.................###=[[)))#
..####.................##.[%==).=
[#..#*#...............###.)[..[[.


You could see Asmodeus (clouds, unsilenced), a green draconian monk (unsilenced,
unable to see you), a storm dragon (unsilenced, unable to see you), Louise
(unable to see you), an acid blob (unsilenced), a purple draconian shifter
(unable to see you), a fire dragon (unsilenced, unable to see you), 3 Orb
Guardians, 4 balrugs and a blizzard demon (unsilenced).

Vanquished Creatures
  Dissolution (D)
  the Royal Jelly (D)
  Gloorx Vloq (D)
  6 ancient liches (D)
  4 orbs of fire (D)
  Mara (D)
  Mennas (D)
  7 royal mummies (D)
  5 Killer Klowns (D)
  A shard shrike (D)
  the Lernaean hydra (D)
  Frederick (D)
  Boris (D)
  Margery (D)
  2 golden dragons (D)
  Jory (D)
  10 bone dragons (D)
  A Brimstone Fiend (D)
  2 Tzitzimimeh (D)
  2 pearl dragons (D)
  An electric golem (D)
  A hellephant (D)
  4 tentacled monstrosities (D)
  4 Orb Guardians (D)
  3 Hell Sentinels (D)
  Rupert (D)
  2 Ice Fiends (D)
  2 deep elf blademasters (D)
  A sphinx (D)
  6 titans (D)
  A quicksilver dragon (D)
  14 liches (D)
  A pandemonium lord (D)
  3 deep elf master archers (D)
  7 acid blobs (D)
  Murray (D)
  5 shadow dragons (D)
  4 nagarajas (D)
  A rockslime (D)
  6 azure jellies (D)
  3 storm dragons (D)
  3 draconian monks (D)
  2 balrugs (D)
  Ilsuiw (D)
  A draconian scorcher (D)
  3 deep elf sorcerers (D)
  2 frost giants (D)
  A draconian knight (D)
  2 iron dragons (D)
  2 draconian shifters (D)
  An angel (D)
  7 ghouls (D)
  2 draconian stormcallers (D)
  2 orc warlords (D)
  6 quicksilver oozes (D)
  2 ghost moths (D)
  2 ophanim (D)
  An apis (D)
  A stone giant (D)
  6 vampire knights (D)
  2 lorocyprocas (D)
  A dire elephant (D)
  A black draconian (D)
  3 deep elf demonologists (D)
  A yellow draconian (D)
  A purple draconian (D)
  3 red draconians (D)
  A white draconian (D)
  4 deep elf annihilators (D)
  A deep elf death mage (D)
  An eidolon (D)
  2 blizzard demons (D)
  2 green deaths (D)
  2 merfolk javelineers (D)
  6 mummy priests (D)
  3 fire dragons (D)
  Josephine (D)
  4 deep elf high priests (D)
  2 yaktaur captains (D)
  A great orb of eyes (D)
  11 vault guards (D)
  2 hydras (D)
  3 ice dragons (D)
  A hell beast (D)
  An anaconda (D)
  An alligator snapping turtle (D)
  A catoblepas (D)
  4 death knights (D)
  A merfolk aquamancer (D)
  An iron elemental (D)
  3 dancing weapons (D)
  7 death yaks (D)
  A vampire mage (D)
  3 naga warriors (D)
  A demonic crawler (D)
  19 hell knights (D)
  Nergalle (D)
  A soul eater (D)
  A sun demon (D)
  2 occultists (D)
  3 spriggan berserkers (D)
  4 deep elf knights (D)
  A sixfirhy (D)
  3 sea snakes (D)
  6 skeletal warriors (D)
  A salamander mystic (D)
  3 bog bodies (D)
  An iron troll (D)
  A phantasmal warrior (D)
  A cherub (D)
  A swamp dragon (D)
  5 necromancers (D)
  A deep elf zephyrmancer (D)
  12 orc knights (D)
  5 ugly things (D)
  11 arcanists (D)
  2 orc sorcerers (D)
  A cyclops (D)
  A moth of wrath (D)
  A wolf spider (D)
  6 elephants (D)
  A guardian serpent (D)
  A black mamba (D)
  3 naga magi (D)
  An unseen horror (D)
  3 eyes of devastation (D)
  A cane toad (D)
  2 kobold demonologists (D)
  2 efreet (D)
  A freezing wraith (D)
  4 guardian mummies (D)
  A tormentor (D)
  7 yaktaurs (D)
  6 merfolk (D)
  A troll (shapeshifter) (D)
  2 trolls (D)
  2 polar bears (D)
  A red devil (D)
  2 hornets (D)
  2 tarantellas (D)
  A tyrant leech (D)
  3 blink frogs (D)
  A snapping turtle (D)
  A ynoxinul (D)
  A culicivora (D)
  3 large abominations (D)
  3 vampires (D)
  5 wraiths (D)
  2 spriggans (D)
  A fire elemental (D)
  A wyvern (D)
  2 water elementals (D)
  15 humans (D)
  2 fire bats (D)
  A golden eye (shapeshifter) (D)
  2 golden eyes (D)
  A neqoxec (D)
  6 redbacks (D)
  A chaos spawn (D)
  2 nagas (D)
  4 hell hounds (D)
  A swamp drake (D)
  6 orc warriors (D)
  A kobold brigand (D)
  A bullfrog (D)
  2 necrophages (D)
  A gnoll sergeant (D)
  Blork the orc (D)
  2 scorpions (D)
  An earth elemental (D)
  3 killer bees (D)
  A crimson imp (D)
  2 quasits (D)
  A hound (D)
  3 orc priests (D)
  2 hell rats (D)
  4 orc wizards (D)
  A small abomination (D)
  A mummy (D)
  3 gnolls (D)
  An adder (D)
  3 ufetubi (D)
  2 adder zombies (D)
  5 adder skeletons (D)
  A worm (D)
  3 adder simulacra (D)
  6 orcs (D)
  A bat skeleton (D)
  A bat zombie (D)
  2 endoplasms (D)
  A goblin (D)
  7 jackals (D)
  3 kobolds (D)
  A quokka (D)
  A ball python (D)
  3 ball python simulacra (D)
  7 ball python skeletons (D)
  3 ball python zombies (D)
  3 bats (D)
  3 bat simulacra (D)
  A giant cockroach simulacrum (D)
  A quokka simulacrum (D)
  2 quokka skeletons (D)
  A quokka zombie (D)
  2 rats (D)
547 creatures vanquished.

Vanquished Creatures (others)
  A blizzard demon (D)
  A salamander mystic (D)
  A glass eye (D)
  An orc (D)
4 creatures vanquished.

Grand Total: 551 creatures vanquished

Notes
Turn   | Place    | Note
-------+----------+-------------------------------------------
     0 | D        | rocky1 the Gnoll Warper began the quest for the Orb.
     0 | D        | Reached XP level 1. HP: 20/20 MP: 6/6
    57 | D        | Found a bloodstained altar of Trog.
    57 | D        | Found a shimmering blue altar of Sif Muna.
    57 | D        | Found a viscous altar of Jiyva.
    57 | D        | Found a hazy altar of Hepliaklqana.
    57 | D        | Found an opulent altar of Gozag.
    58 | D        | Found a glowing golden altar of the Shining One.
    58 | D        | Found a glowing silver altar of Zin.
    58 | D        | Found a basalt altar of Yredelemnul.
    58 | D        | Found a shimmering altar of Xom.
    58 | D        | Found an ornate altar of the Wu Jian Council.
    58 | D        | Found a sacrificial altar of Ru.
    58 | D        | Found a stormy altar of Qazlal.
    58 | D        | Found an iron altar of Okawaru.
    58 | D        | Found a sparkling altar of Nemelex Xobeh.
    58 | D        | Found a burning altar of Makhleb.
    58 | D        | Found a blossoming altar of Fedhas.
    58 | D        | Found a white marble altar of Elyvilon.
    58 | D        | Found a shadowy altar of Dithmenos.
    58 | D        | Found a snail-covered altar of Cheibriados.
    61 | D        | Found a corrupted altar of Lugonu.
    61 | D        | Found a radiant altar of Vehumet.
    62 | D        | Found an ancient bone altar of Kikubaaqudgha.
    62 | D        | Found a hide-covered altar of Uskayaw.
    62 | D        | Found a broken altar of Ashenzari.
    69 | D        | Became a worshipper of Cheibriados the Contemplative
    89 | D        | Reached skill level 5 in Spellcasting
    89 | D        | Reached * piety under Cheibriados
    90 | D        | Reached skill level 1 in Invocations
    92 | D        | Reached skill level 1 in Short Blades
    92 | D        | Reached skill level 1 in Axes
    92 | D        | Reached skill level 1 in Maces & Flails
    92 | D        | Reached skill level 1 in Polearms
    92 | D        | Reached skill level 1 in Staves
    92 | D        | Reached skill level 1 in Ranged Weapons
    92 | D        | Reached skill level 1 in Stealth
    92 | D        | Reached skill level 1 in Shields
    92 | D        | Reached skill level 1 in Unarmed Combat
    92 | D        | Reached skill level 1 in Evocations
    93 | D        | Reached ** piety under Cheibriados
    94 | D        | Reached skill level 1 in Shapeshifting
    94 | D        | Reached XP level 2. HP: 22/26 MP: 8/8
   115 | D        | Learned a level 2 spell: Blink
   118 | D        | Learned a level 2 spell: Lesser Beckoning
   120 | D        | Noticed a scorpion
   125 | D        | Reached *** piety under Cheibriados
   126 | D        | Reached skill level 1 in Conjurations
   126 | D        | Reached skill level 1 in Hexes
   126 | D        | Reached skill level 1 in Summonings
   126 | D        | Reached skill level 1 in Necromancy
   126 | D        | Reached skill level 1 in Transmutations
   126 | D        | Reached skill level 1 in Fire Magic
   126 | D        | Reached skill level 1 in Ice Magic
   126 | D        | Reached skill level 1 in Air Magic
   126 | D        | Reached skill level 1 in Earth Magic
   126 | D        | Reached skill level 1 in Poison Magic
   126 | D        | Killed a scorpion
   127 | D        | Reached skill level 5 in Fighting
   127 | D        | Reached skill level 5 in Long Blades
   127 | D        | Reached skill level 5 in Dodging
   127 | D        | Reached XP level 3. HP: 33/33 MP: 10/10
   127 | D        | Reached XP level 4. HP: 39/39 MP: 11/11
   180 | D        | Reached **** piety under Cheibriados
   502 | D        | Learned a level 3 spell: Teleport Other
   507 | D        | Learned a level 4 spell: Manifold Assault
   513 | D        | Reached ***** piety under Cheibriados
   521 | D        | Reached XP level 5. HP: 45/45 MP: 11/13
   527 | D        | Reached ****** piety under Cheibriados
   635 | D        | Noticed a fire bat
   644 | D        | Killed a fire bat
   645 | D        | Reached skill level 5 in Throwing
   645 | D        | Reached skill level 5 in Armour
   645 | D        | Reached XP level 6. HP: 29/53 MP: 13/15
   748 | D        | Noticed Blork the orc
   757 | D        | Reached skill level 5 in Invocations
   760 | D        | Killed Blork the orc
   913 | D        | Noticed a cyclops
   915 | D        | Reached skill level 5 in Short Blades
   915 | D        | Reached skill level 5 in Axes
   915 | D        | Reached skill level 5 in Maces & Flails
   915 | D        | Reached skill level 5 in Polearms
   915 | D        | Reached skill level 5 in Staves
   915 | D        | Reached skill level 5 in Ranged Weapons
   915 | D        | Reached skill level 5 in Stealth
   915 | D        | Reached skill level 5 in Shields
   915 | D        | Reached skill level 5 in Unarmed Combat
   915 | D        | Reached skill level 5 in Evocations
   916 | D        | Reached XP level 7. HP: 60/60 MP: 6/17
   919 | D        | Killed a cyclops
   920 | D        | Reached skill level 5 in Conjurations
   920 | D        | Reached skill level 5 in Hexes
   920 | D        | Reached skill level 5 in Summonings
   920 | D        | Reached skill level 5 in Necromancy
   920 | D        | Reached skill level 5 in Transmutations
   920 | D        | Reached skill level 5 in Fire Magic
   920 | D        | Reached skill level 5 in Ice Magic
   920 | D        | Reached skill level 5 in Air Magic
   920 | D        | Reached skill level 5 in Earth Magic
   920 | D        | Reached skill level 5 in Poison Magic
   920 | D        | Reached skill level 5 in Shapeshifting
   920 | D        | Reached XP level 8. HP: 48/68 MP: 7/20
  1162 | D        | Learned a level 4 spell: Vhi's Electric Charge
  1230 | D        | Noticed a polar bear
  1231 | D        | Noticed a troll
  1236 | D        | Killed a polar bear
  1240 | D        | Killed a troll
  1272 | D        | Noticed a kobold demonologist
  1272 | D        | Noticed an eidolon
  1272 | D        | Noticed a snapping turtle
  1273 | D        | Noticed a kobold demonologist
  1275 | D        | Killed a kobold demonologist
  1275 | D        | Killed a kobold demonologist
  1276 | D        | Reached XP level 9. HP: 57/75 MP: 8/22
  1278 | D        | Killed an eidolon
  1535 | D        | Noticed a tyrant leech
  1538 | D        | Noticed a death knight
  1546 | D        | Killed a tyrant leech
  1550 | D        | Killed a death knight
  1551 | D        | Reached skill level 10 in Spellcasting
  1551 | D        | Reached XP level 10. HP: 38/84 MP: 4/24
  1797 | D        | Noticed a sixfirhy
  1798 | D        | Noticed an orc knight
  1799 | D        | Noticed an orc sorcerer
  1801 | D        | Killed a sixfirhy
  1802 | D        | Reached skill level 10 in Fighting
  1802 | D        | Reached skill level 10 in Long Blades
  1802 | D        | Reached skill level 10 in Dodging
  1802 | D        | Killed an orc sorcerer
  1806 | D        | Killed an orc knight
  1807 | D        | Reached skill level 10 in Invocations
  2023 | D        | Noticed an eye of devastation
  2023 | D        | Noticed a seven-headed hydra
  2032 | D        | Killed a two-headed hydra
  2036 | D        | Killed an unseen horror
  2037 | D        | Reached skill level 10 in Throwing
  2037 | D        | Reached skill level 10 in Armour
  2038 | D        | Killed an eye of devastation
  2162 | D        | Noticed a red ugly thing
  2162 | D        | Noticed an ice dragon
  2162 | D        | Noticed a tentacled monstrosity
  2162 | D        | Noticed a red ugly thing
  2162 | D        | Noticed a wolf spider
  2166 | D        | Killed a wolf spider
  2166 | D        | Killed a brown ugly thing
  2167 | D        | Reached skill level 10 in Short Blades
  2167 | D        | Reached skill level 10 in Axes
  2167 | D        | Reached skill level 10 in Maces & Flails
  2167 | D        | Reached skill level 10 in Polearms
  2167 | D        | Reached skill level 10 in Staves
  2167 | D        | Reached skill level 10 in Ranged Weapons
  2167 | D        | Reached skill level 10 in Stealth
  2167 | D        | Reached skill level 10 in Shields
  2167 | D        | Reached skill level 10 in Unarmed Combat
  2167 | D        | Reached skill level 10 in Translocations
  2167 | D        | Reached skill level 10 in Evocations
  2167 | D        | Reached XP level 11. HP: 66/93 MP: 6/26
  2167 | D        | Killed an ice dragon
  2173 | D        | Killed a tentacled monstrosity
  2174 | D        | Killed a red ugly thing
  2771 | D        | Noticed a sea snake
  2774 | D        | Reached skill level 10 in Shapeshifting
  2774 | D        | Noticed a merfolk javelineer
  2779 | D        | Killed a sea snake
  2957 | D        | Killed a merfolk javelineer
  2971 | D        | Noticed a sea snake
  2975 | D        | Killed a sea snake
  2976 | D        | Reached XP level 12. HP: 100/102 MP: 17/28
  3610 | D        | Reached skill level 10 in Conjurations
  3610 | D        | Reached skill level 10 in Hexes
  3610 | D        | Reached skill level 10 in Summonings
  3610 | D        | Reached skill level 10 in Necromancy
  3610 | D        | Reached skill level 10 in Transmutations
  3610 | D        | Reached skill level 10 in Fire Magic
  3610 | D        | Reached skill level 10 in Ice Magic
  3610 | D        | Reached skill level 10 in Air Magic
  3610 | D        | Reached skill level 10 in Earth Magic
  3610 | D        | Reached skill level 10 in Poison Magic
  3813 | D        | Noticed a deep elf master archer
  3817 | D        | Killed a deep elf master archer
  3817 | D        | Noticed Josephine
  3826 | D        | Killed Josephine
  3838 | D        | Noticed a death yak
  3855 | D        | Killed a death yak
  4034 | D        | Got the +0 plate armour of the Boiling Point {+Blink rF+
                  | Regen+ Dex-2}
  4229 | D        | Noticed an alligator snapping turtle
  4229 | D        | Noticed a merfolk javelineer
  4229 | D        | Noticed a spriggan berserker
  4229 | D        | Noticed a demonic crawler
  4249 | D        | Killed a spriggan berserker
  4261 | D        | Noticed an anaconda
  4264 | D        | Killed an anaconda
  4325 | D        | Reached XP level 13. HP: 111/111 MP: 17/30
  4483 | D        | Reached skill level 15 in Armour
  4526 | D        | Killed a merfolk javelineer
  4541 | D        | Noticed Ilsuiw
  4558 | D        | Killed Ilsuiw
  4603 | D        | Gained mutation: You are clumsy. (Dex -2) [a neqoxec]
  4604 | D        | Gained mutation: Armour fits poorly on your strangely
                  | shaped body. [a neqoxec]
  4618 | D        | Noticed a nagaraja
  4625 | D        | Killed a nagaraja
  5108 | D        | Noticed an orc warlord
  5109 | D        | Noticed an orc warlord
  5115 | D        | Killed an orc warlord
  5116 | D        | Reached skill level 15 in Invocations
  5116 | D        | Killed an orc warlord
  5129 | D        | Noticed a yaktaur captain
  5133 | D        | Killed a yaktaur captain
  5136 | D        | Reached skill level 15 in Spellcasting
  5139 | D        | Reached skill level 15 in Polearms
  5240 | D        | Reached skill level 15 in Fighting
  5240 | D        | Reached skill level 15 in Long Blades
  5240 | D        | Reached skill level 15 in Dodging
  5240 | D        | Reached XP level 14. HP: 86/123 MP: 30/33
  5305 | D        | Reached skill level 15 in Throwing
  5533 | D        | Got the +4 chain mail "Omapsiq" {rC+ Int+7 Stlth+}
  5723 | D        | Reached skill level 15 in Short Blades
  5723 | D        | Reached skill level 15 in Axes
  5723 | D        | Reached skill level 15 in Maces & Flails
  5723 | D        | Reached skill level 15 in Staves
  5723 | D        | Reached skill level 15 in Ranged Weapons
  5723 | D        | Reached skill level 15 in Stealth
  5723 | D        | Reached skill level 15 in Shields
  5723 | D        | Reached skill level 15 in Unarmed Combat
  5723 | D        | Reached skill level 15 in Evocations
  5723 | D        | Noticed a bone dragon
  5732 | D        | Noticed a red draconian
  5734 | D        | Noticed a deep elf demonologist
  5736 | D        | Noticed an Executioner
  5739 | D        | Killed a deep elf demonologist
  5740 | D        | Noticed Nergalle
  5743 | D        | Killed a bone dragon
  5751 | D        | Noticed a deep elf demonologist
  5752 | D        | Killed a red draconian
  5752 | D        | Killed Nergalle
  5754 | D        | Noticed a ghoul
  5756 | D        | Killed a deep elf demonologist
  5758 | D        | Killed a ghost moth
  5760 | D        | Noticed Frederick
  5761 | D        | Noticed an acid blob
  5762 | D        | Noticed a ghoul
  5763 | D        | Killed a ghoul
  5765 | D        | Noticed an apis
  5767 | D        | Noticed a storm dragon
  5768 | D        | Killed an acid blob
  5774 | D        | Killed a storm dragon
  5775 | D        | Killed an apis
  5776 | D        | Killed a ghoul
  5776 | D        | Killed Frederick
  5777 | D        | Reached XP level 15. HP: 15/133 MP: 8/35
  5806 | D        | Noticed Mara
  5827 | D        | Noticed rocky1's illusion
  5829 | D        | Killed Mara
  5830 | D        | Reached skill level 15 in Shapeshifting
  6000 | D        | Reached skill level 15 in Translocations
  6108 | D        | Identified the staff "Cosawk" {Will++ Conj}
  6118 | D        | Noticed a nagaraja
  6127 | D        | Killed a nagaraja
  6132 | D        | Noticed a bone dragon
  6154 | D        | Killed a bone dragon
  6323 | D        | Noticed a titan
  6338 | D        | Killed a titan
  6599 | D        | Got Ypnuror's Grimoire of Mutated Phantasms
  6811 | D        | Got the +4 chain mail "Luogh" {rElec rN+ Regen+ Dex-4}
  6978 | D        | Found the +7 Spriggan's Knife {stab, EV+4 Stlth+}
  6978 | D        | Noticed Rupert
  6987 | D        | Reached skill level 15 in Conjurations
  6987 | D        | Reached skill level 15 in Hexes
  6987 | D        | Reached skill level 15 in Summonings
  6987 | D        | Reached skill level 15 in Necromancy
  6987 | D        | Reached skill level 15 in Transmutations
  6987 | D        | Reached skill level 15 in Fire Magic
  6987 | D        | Reached skill level 15 in Ice Magic
  6987 | D        | Reached skill level 15 in Air Magic
  6987 | D        | Reached skill level 15 in Earth Magic
  6987 | D        | Reached skill level 15 in Poison Magic
  6989 | D        | Killed Rupert
  6992 | D        | Reached XP level 16. HP: 145/145 MP: 38/38
  7311 | D        | Got the serpent talisman "Guverigo" {rC+++ Int+2 Dex-5}
  7347 | D        | Got a silver rune of Zot
  7389 | D        | Got the ring of Axkyercha {rC+++ Will+++ MP+9 Str-3 Int-5}
  7506 | D        | Noticed a bone dragon
  7513 | D        | Noticed an orb of fire
  7517 | D        | Killed an orb of fire
  7521 | D        | Noticed an azure jelly
  7521 | D        | Noticed a shadow dragon
  7522 | D        | Killed a bone dragon
  7522 | D        | Noticed a titan
  7527 | D        | Killed an azure jelly
  7531 | D        | Killed a titan
  7534 | D        | Killed a shadow dragon
  7534 | D        | Noticed a storm dragon
  7541 | D        | Noticed a Killer Klown
  7544 | D        | Killed a storm dragon
  7557 | D        | Killed a Killer Klown
  7567 | D        | Noticed a titan
  7567 | D        | Noticed an orb of fire
  7573 | D        | Gained mutation: Your skin changes colour to match your
                  | surroundings (Stealth+). [an orb of fire]
  7575 | D        | Killed an orb of fire
  7576 | D        | Noticed an Ice Fiend
  7577 | D        | Killed a titan
  7580 | D        | Noticed a tentacled monstrosity
  7583 | D        | Noticed a Killer Klown
  7590 | D        | Killed an Ice Fiend
  7600 | D        | Killed a tentacled monstrosity
  7602 | D        | Reached XP level 17. HP: 56/155 MP: 1/41
  7610 | D        | Killed a Killer Klown
  8052 | D        | Got the quicksilver dragon scales of Henotheism {rPois rF+
                  | Will+ Int+3 Stlth-}
  8065 | D        | Got the ring of Wyigh {Dex+3 SInv}
  8067 | D        | Got the ring of Bixetef {rCorr Stlth+}
  8069 | D        | Got the ring "Piowneu" {MP+9 Str+2 Dex+3}
  8071 | D        | Got the ring of Agobasium {Ice Dex+3}
  8073 | D        | Got the ring of Oczi {rElec rCorr MP+9 Dex+5}
  8075 | D        | Got the ring "Tahufeci" {Fly rC+ Str+3 Int-4 Dex+3}
  8077 | D        | Got the ring "Igiug" {+Blink rN++ rCorr Str+2 Int-4}
  8079 | D        | Got the ring of Vaphyul {rPois rF+ Dex-2 Slay+3 Stlth+}
  8101 | D        | Noticed a Killer Klown
  8103 | D        | Noticed a quicksilver dragon
  8109 | D        | Noticed an Executioner
  8115 | D        | Killed a quicksilver dragon
  8121 | D        | Killed a Killer Klown
  8135 | D        | Got the +7 triple sword of Zipp {freeze, *Rage rElec Dex+2}
  8400 | D        | Noticed an orb of fire
  8407 | D        | Gained mutation: You occasionally shout uncontrollably at
                  | your foes. [an orb of fire]
  8408 | D        | Killed an orb of fire
  8412 | D        | Lost mutation: You are clumsy. (Dex -2) [potion of
                  | mutation]
  8412 | D        | Lost mutation: You occasionally shout uncontrollably at
                  | your foes. [potion of mutation]
  8412 | D        | Gained mutation: You have extremely sharp teeth. [potion of
                  | mutation]
  8412 | D        | Gained mutation: You have a pair of small horns on your
                  | head. [potion of mutation]
  8412 | D        | Gained mutation: Your flesh is heat resistant. (rF+)
                  | [potion of mutation]
  8413 | D        | Lost mutation: Armour fits poorly on your strangely shaped
                  | body. [potion of mutation]
  8413 | D        | Lost mutation: Your skin changes colour to match your
                  | surroundings (Stealth+). [potion of mutation]
  8413 | D        | Gained mutation: You sometimes lose your temper in combat.
                  | [potion of mutation]
  8413 | D        | Gained mutation: You expend magic power (3 MP) to
                  | strengthen your wands. [potion of mutation]
  8414 | D        | Lost mutation: You sometimes lose your temper in combat.
                  | [potion of mutation]
  8414 | D        | Lost mutation: Your flesh is heat resistant. (rF+) [potion
                  | of mutation]
  8414 | D        | Lost mutation: You have extremely sharp teeth. [potion of
                  | mutation]
  8414 | D        | Gained mutation: You passively map a small area around you.
                  | [potion of mutation]
  8415 | D        | Lost mutation: You passively map a small area around you.
                  | [potion of mutation]
  8415 | D        | Lost mutation: You expend magic power (3 MP) to strengthen
                  | your wands. [potion of mutation]
  8415 | D        | Lost mutation: You have a pair of small horns on your head.
                  | [potion of mutation]
  8415 | D        | Gained mutation: You are partially covered in iridescent
                  | scales. (AC +2) [potion of mutation]
  8415 | D        | Gained mutation: Your spells are a little harder to cast,
                  | but a little more powerful. [potion of mutation]
  8433 | D        | Noticed a lich
  8438 | D        | Noticed a lich
  8439 | D        | Killed a lich
  8444 | D        | Noticed a titan
  8445 | D        | Killed a lich
  8446 | D        | Reached skill level 27 in Armour
  8452 | D        | Noticed Boris
  8453 | D        | Noticed a deep elf blademaster
  8453 | D        | Noticed a sphinx
  8455 | D        | Killed a deep elf blademaster
  8456 | D        | Killed a sphinx
  8459 | D        | Killed a titan
  8464 | D        | Killed Boris
  8701 | D        | Got the Precepts of Existentialism
  8705 | D        | Got the Vademecum on Distorted Stones
  8718 | D        | Got the Tractate on the Tropical Throng
  8720 | D        | Got the Omnibus of Algid Bad Luck
  8732 | D        | Learned a level 2 spell: Wereblood
  8739 | D        | Learned a level 6 spell: Plasma Beam
  8745 | D        | Learned a level 5 spell: Silence
  8753 | D        | Learned a level 7 spell: Haunt
  8766 | D        | Got the ring "Qeecwiuh" {rCorr Dex+3 SInv Stlth+}
  8768 | D        | Got the amulet of Surian {Spirit Dex+2}
  8770 | D        | Got an amulet "Puquup Cousk" {RegenMP rN+ Str-2 Int+7}
  8772 | D        | Got the ring "Osefeirodu" {rC++ MP+9 EV+6 Dex-2 SInv}
  8774 | D        | Got the ring "Asia" {Ice rCorr}
  8776 | D        | Got the ring of Irylesase {Will+ EV+6}
  8778 | D        | Got the ring "Anetrau" {Int+4 SInv}
  8780 | D        | Got the ring "Fuit" {rF- Will+ Slay+5 SInv}
  8782 | D        | Got the ring of Arrival {rF+ Dex+3}
  8784 | D        | Got an amulet of the Jester {RegenMP Harm}
  8786 | D        | Got the amulet "Qikkau Palu" {Faith rN+ rCorr MP-9}
  8788 | D        | Got the ring of Guskokiu {Will+ Int+4}
  8790 | D        | Got the ring of Bucaipp {rElec rPois SInv}
  8792 | D        | Got the ring "Zaczic" {Ice MP+9 Str+5}
  8794 | D        | Got the ring of Kuaklof {rPois Will+ MP-9 Dex+3 Stlth+}
  8796 | D        | Got the ring of Finality {rF+ Int+6}
  8798 | D        | Got the amulet of Lesuso {Faith rC- Regen+ Str+4 Int+4
                  | SInv}
  8800 | D        | Got the ring "Trusted Companion" {*Corrode rC++ Will+ Int+6
                  | Dex+2}
  8820 | D        | Got the ring "Uhewijat" {rPois Int+6 Dex-2 Slay+5}
  8822 | D        | Got the ring "Pik Ipau" {Contam Str+6 Dex+5}
  8824 | D        | Got the ring "Pioty" {Ice rCorr}
  8826 | D        | Got the ring of Oceff {rElec rN+ MP+9 Dex-3}
  8857 | D        | Got the ring of the Cockatrice {rPois Will- Dex+8 Slay+5}
  8859 | D        | Got the amulet "Vizueqadgh" {Faith rCorr Str+3 Slay+3 SInv}
  8923 | D        | Noticed an ancient lich
  8926 | D        | Killed an ancient lich
  8927 | D        | Reached skill level 27 in Polearms
  8932 | D        | Reached XP level 18. HP: 168/168 MP: 44/44
  8933 | D        | Noticed a pearl dragon
  8935 | D        | Killed a pearl dragon
  9041 | D        | Noticed a titan
  9041 | D        | Noticed a Tzitzimitl
  9061 | D        | Killed a Tzitzimitl
  9066 | D        | Killed a titan
  9149 | D        | Noticed a golden dragon
  9155 | D        | Killed a golden dragon
  9160 | D        | Noticed a Killer Klown
  9168 | D        | Killed a Killer Klown
  9174 | D        | Noticed a golden dragon
  9176 | D        | Killed a golden dragon
  9179 | D        | Noticed a Hell Sentinel
  9190 | D        | Killed a Hell Sentinel
  9394 | D        | Noticed a deep elf blademaster
  9397 | D        | Killed a deep elf blademaster
  9416 | D        | Noticed a lich
  9416 | D        | Noticed a lich
  9416 | D        | Noticed a lich
  9416 | D        | Noticed a bone dragon
  9416 | D        | Noticed a royal mummy
  9416 | D        | Noticed a bone dragon
  9416 | D        | Noticed a lich
  9416 | D        | Noticed an ancient lich
  9416 | D        | Noticed a bone dragon
  9416 | D        | Noticed a bone dragon
  9416 | D        | Noticed a royal mummy
  9416 | D        | Noticed a lich
  9419 | D        | Found the +7 great mace "Firestarter" {flame, immolate,
                  | rFlCloud rF++}
  9419 | D        | Noticed a lich
  9419 | D        | Noticed an ancient lich
  9419 | D        | Noticed a lich
  9419 | D        | Noticed a lich
  9419 | D        | Noticed a lich
  9419 | D        | Noticed a lich
  9419 | D        | Noticed a lich
  9419 | D        | Noticed an ancient lich
  9419 | D        | Noticed a royal mummy
  9419 | D        | Noticed Gloorx Vloq
  9419 | D        | Noticed a Killer Klown
  9419 | D        | Noticed a quicksilver dragon
  9419 | D        | Noticed a hellephant
  9419 | D        | Noticed the 27-headed Lernaean hydra
  9437 | D        | Killed an ancient lich
  9444 | D        | Killed a bone dragon
  9445 | D        | Killed a lich
  9448 | D        | Killed a lich
  9452 | D        | Killed a lich
  9452 | D        | Killed a lich
  9463 | D        | Killed a royal mummy
  9833 | D        | Killed a lich
  9840 | D        | Killed an ancient lich
  9903 | D        | Killed a lich
  9906 | D        | Killed a lich
  9919 | D        | Killed a royal mummy
  9922 | D        | Noticed a lich
  9926 | D        | Killed an ancient lich
  9931 | D        | Killed a royal mummy
  9936 | D        | Killed a lich
  9939 | D        | Killed a lich
  9940 | D        | Reached XP level 19. HP: 47/182 MP: 47/47
  9951 | D        | Noticed a bone dragon
  9956 | D        | Killed a bone dragon
  9969 | D        | Noticed an ancient lich
  9979 | D        | Killed an ancient lich
  9980 | D        | Reached skill level 27 in Throwing
  9980 | D        | Reached skill level 27 in Shields
 10084 | D        | Killed a bone dragon
 10096 | D        | Killed a bone dragon
 10105 | D        | Noticed a bone dragon
 10110 | D        | Noticed a bone dragon
 10116 | D        | Identified the +12 long sword "Nayxaajo" {drain, Dex+5}
 10130 | D        | Killed a bone dragon
 10145 | D        | Killed a bone dragon
 10253 | D        | Got a golden rune of Zot
 10267 | D        | Got Sif Muna's Handbook of Gritty Misfortune
 10271 | D        | Got the Omnibus of the Cumulonimbus and Movement
 10273 | D        | Got the Octavo of Location and Moulding
 10292 | D        | Got the ring of Fuysy {AC+4 Dex+2}
 10299 | D        | Got the ring of the Leaf {rPois Dex+6}
 10549 | D        | Learned a level 8 spell: Lehudib's Crystal Spear
 10553 | D        | Noticed the Royal Jelly
 10553 | D        | Noticed Dissolution
 10554 | D        | Reached skill level 27 in Invocations
 10556 | D        | Noticed a Killer Klown
 10556 | D        | Killed Dissolution
 10558 | D        | Killed a Killer Klown
 10559 | D        | Noticed a pearl dragon
 10567 | D        | Killed a pearl dragon
 10569 | D        | Noticed a Brimstone Fiend
 10570 | D        | Killed the Royal Jelly
 10581 | D        | Noticed Margery
 10588 | D        | Killed a Brimstone Fiend
 10591 | D        | Killed Margery
 10726 | D        | Noticed a Hell Sentinel
 10736 | D        | Killed a hellephant
 10749 | D        | Killed a Hell Sentinel
 10751 | D        | a Killer Klown changed into a shard shrike
 10751 | D        | Noticed a shard shrike
 10754 | D        | Noticed a royal mummy
 10758 | D        | Killed a shard shrike
 10767 | D        | Noticed an electric golem
 10771 | D        | Killed a royal mummy
 10782 | D        | Reached XP level 20. HP: 54/196 MP: 30/50
 10786 | D        | Killed an electric golem
 10830 | D        | Noticed Mennas
 10932 | D        | Killed the 26-headed Lernaean hydra
 10933 | D        | Reached skill level 27 in Fighting
 10933 | D        | Reached skill level 27 in Long Blades
 10933 | D        | Reached skill level 27 in Dodging
 10933 | D        | Reached skill level 27 in Spellcasting
 10965 | D        | Noticed a royal mummy
 10981 | D        | Killed a royal mummy
 10981 | D        | Noticed Emuomil the pandemonium lord
 10987 | D        | HP: 8/197 [Emuomil the pandemonium lord/arc of chain
                  | lightning (34)]
 10997 | D        | Killed Emuomil the pandemonium lord
 10998 | D        | Reached skill level 27 in Short Blades
 10998 | D        | Reached skill level 27 in Axes
 10998 | D        | Reached skill level 27 in Maces & Flails
 10998 | D        | Reached skill level 27 in Staves
 10998 | D        | Reached skill level 27 in Ranged Weapons
 10998 | D        | Reached skill level 27 in Stealth
 10998 | D        | Reached skill level 27 in Unarmed Combat
 10998 | D        | Reached skill level 27 in Evocations
 11087 | D        | Noticed a Tzitzimitl
 11116 | D        | Noticed an orb of fire
 11122 | D        | Gained mutation: You have hidden genetic defects. [an orb
                  | of fire]
 11125 | D        | Noticed Murray
 11130 | D        | Killed an orb of fire
 11150 | D        | Killed Murray
 11263 | D        | Killed a Tzitzimitl
 11302 | D        | Got the ring of Hofy {*Slow rPois rN+++ EV+5 Str+5}
 11309 | D        | Got the +2 pair of gloves of Lekidola {Dex+3}
 11312 | D        | Got the amulet "Rihiuh" {rPois Regen+}
 11318 | D        | Got the ring of Finality {Wiz Int+5}
 11320 | D        | Got the +2 pair of boots "Ekkufava" {rN+ Int+3 Dex+3}
 11322 | D        | Got the amulet of Moodiness {+Blink rF- Regen+ Int+8 Dex+4}
 11324 | D        | Got the ring "Kuoh" {AC+4 Str-2 Dex+4}
 11326 | D        | Got the ring "Yghuen" {rC- Will++ Str-3 Int+6 Stlth+}
 11340 | D        | Got the ring of Nohenaex {rF+ rC+ Int+2 SInv}
 11381 | D        | Got the ring of the Shining Light {rElec Str+6}
 11383 | D        | Got the amulet "Wieffit" {Spirit Regen+ Dex+3}
 11385 | D        | Got the ring of Birdsong {Fire rN++ Str+3}
 11387 | D        | Got an iron rune of Zot
 11498 | D        | Killed Mennas
 11704 | D        | Killed Gloorx Vloq
 11705 | D        | Reached skill level 27 in Air Magic
 11940 | D        | Killed a bone dragon
 11948 | D        | Gained mutation: Armour fits poorly on your strangely
                  | shaped body. [hidden defects]
 11949 | D        | Lost mutation: You are partially covered in iridescent
                  | scales. (AC +2) [potion of mutation]
 11949 | D        | Lost mutation: Your spells are a little harder to cast, but
                  | a little more powerful. [potion of mutation]
 11949 | D        | Lost mutation: Armour fits poorly on your strangely shaped
                  | body. [potion of mutation]
 11949 | D        | Gained mutation: You are clumsy. (Dex -2) [potion of
                  | mutation]
 11950 | D        | Lost mutation: You have hidden genetic defects. [potion of
                  | mutation]
 11950 | D        | Lost mutation: You are clumsy. (Dex -2) [potion of
                  | mutation]
 11950 | D        | Gained mutation: You are somewhat resistant to further
                  | mutation. [potion of mutation]
 12062 | D        | Noticed an ancient lich
 12062 | D        | Noticed a royal mummy
 12063 | D        | Noticed a royal mummy
 12069 | D        | Killed an ancient lich
 12090 | D        | Killed a royal mummy
 12091 | D        | Reached skill level 27 in Shapeshifting
 12096 | D        | Killed a royal mummy
 12351 | D        | Noticed Jory
 12371 | D        | Found the +13 sceptre of Asmodeus
 12371 | D        | Noticed Asmodeus
 12375 | D        | Noticed a Brimstone Fiend
 12378 | D        | Noticed a Brimstone Fiend
 12380 | D        | Noticed Louise
 12381 | D        | Killed Jory
 12397 | D        | HP: 6/197 [balrug/divine providence[Asmodeus] (16)]
 12398 | D        | Killed from afar by a blizzard demon

Illustrated notes

Levels and vault maps discovered:
D:        pitsprint [storerooms_1, entrance_room_1, metal_vault_5, armoury_1,
          mini_pit_1, grid_room_1, main_hall_1, silver_pit, the_coven_2,
          the_vestibule_1, steel_vault_4, golden_pit, hallway_of_sentries,
          crystal_vault_5, iron_vault_2, final_vault]

Skill      XL: |  1  2  3  4  5  6  7  8  9 10 11 12 13 14 15 16 17 18 19 20 |
---------------+-------------------------------------------------------------+-----
Spellcasting   | 5 6 7 8 9 10 11 12 13 15 16 18 20 22 24 26 27 | 27.0
Invocations    | 1 2 3 4 5 6 8 9 10 12 13 15 17 19 21 23 26 27 | 27.0
Short Blades   | 1 2 3 4 5 6 7 8 10 11 12 14 16 18 19 21 24 26 27 | 27.0
Axes           | 1 2 3 4 5 6 7 8 10 11 12 14 16 18 19 21 24 26 27 | 27.0
Maces & Flails | 1 2 3 4 5 6 7 8 10 11 12 14 16 18 19 21 24 26 27 | 27.0
Polearms       | 1 2 3 4 5 6 7 8 10 11 12 15 18 21 24 27 | 27.0
Staves         | 1 2 3 4 5 6 7 8 10 11 12 14 16 18 19 21 24 26 27 | 27.0
Ranged Weapons | 1 2 3 4 5 6 7 8 10 11 12 14 16 18 19 21 24 26 27 | 27.0
Stealth        | 1 2 3 4 5 6 7 8 10 11 12 14 16 18 19 21 24 26 27 | 27.0
Shields        | 1 2 3 4 5 6 7 8 10 11 12 14 16 18 19 22 26 27 | 27.0
Unarmed Combat | 1 2 3 4 5 6 7 8 10 11 12 14 16 18 19 21 24 26 27 | 27.0
Evocations     | 1 2 3 4 5 6 7 8 10 11 12 14 16 18 19 21 24 26 27 | 27.0
Shapeshifting  | 1 2 3 4 5 6 7 9 10 11 13 14 16 18 20 22 24 27 | 27.0
Conjurations   | 2 3 4 5 6 7 8 9 10 12 13 15 16 18 20 22 25 | 25.9
Hexes          | 2 3 4 5 6 7 8 9 10 12 13 15 16 18 20 22 25 | 25.9
Summonings     | 2 3 4 5 6 7 8 9 10 12 13 15 16 18 20 22 25 | 25.9
Necromancy     | 2 3 4 5 6 7 8 9 10 12 13 15 16 18 20 22 25 | 25.9
Transmutations | 2 3 4 5 6 7 8 9 10 12 13 15 16 18 20 22 25 | 25.9
Fire Magic     | 2 3 4 5 6 7 8 9 10 12 13 15 16 18 20 22 25 | 25.9
Ice Magic      | 2 3 4 5 6 7 8 9 10 12 13 15 16 18 20 22 25 | 25.9
Air Magic      | 2 3 4 5 6 7 8 9 10 12 13 15 16 18 20 23 27 | 27.0
Earth Magic    | 2 3 4 5 6 7 8 9 10 12 13 15 16 18 20 22 25 | 25.9
Poison Magic   | 2 3 4 5 6 7 8 9 10 12 13 15 16 18 20 22 25 | 25.9
Fighting       | 5 6 7 8 9 11 12 13 15 16 18 20 22 24 26 27 | 27.0
Long Blades    | 5 6 7 8 9 11 12 13 15 16 18 20 22 24 26 27 | 27.0
Throwing       | 3 4 5 6 7 9 10 11 13 14 16 18 20 22 26 27 | 27.0
Armour         | 3 4 5 6 7 9 10 12 14 17 20 22 25 27 | 27.0
Dodging        | 5 6 7 8 9 11 12 13 15 16 18 20 22 24 26 27 | 27.0
Translocations | 6 7 8 9 10 11 12 13 14 16 17 19 21 23 26 | 26.3

Action                     |  1- 3 |  4- 6 |  7- 9 | 10-12 | 13-15 | 16-18 | 19-21 || total
---------------------------+-------+-------+-------+-------+-------+-------+-------++-------
  Melee: Falchion          |    21 |     9 |       |       |       |       |       ||    30
         Bite              |     1 |     4 |     2 |    13 |    48 |    63 |    79 ||   210
         Long sword        |       |    32 |     3 |       |       |       |       ||    35
         Punch             |       |     1 |       |    10 |    15 |       |       ||    26
         Scimitar          |       |       |    12 |   170 |    53 |       |       ||   235
         Double sword      |       |       |       |       |   187 |   283 |   407 ||   877
         Knife             |       |       |       |       |       |     7 |       ||     7
   Fire: Hand cannon       |       |       |       |       |     8 |     1 |       ||     9
  Throw: Dart              |       |       |       |       |     3 |       |       ||     3
         Javelin           |       |       |       |       |     4 |       |       ||     4
   Cast: Blink             |       |       |     1 |     1 |     1 |       |       ||     3
         Manifold Assault  |       |       |       |    12 |     1 |       |       ||    13
         Plasma Beam       |       |       |       |       |       |       |    14 ||    14
         Silence           |       |       |       |       |       |       |     2 ||     2
 Invoke: Slouch            |       |     2 |     9 |    20 |    38 |    32 |     1 ||   102
         Step From Time    |       |       |       |       |       |     1 |     1 ||     2
Ability: Evoke Blink       |       |       |       |       |     1 |       |       ||     1
  Evoke: Lightning rod     |       |       |       |       |    15 |       |       ||    15
    Use: Potion            |     1 |       |     4 |     2 |    17 |    19 |     7 ||    50
         Scroll            |       |       |       |     1 |     2 |     4 |     6 ||    13
   Stab: Sleeping          |       |       |       |     6 |       |     8 |       ||    14
         Distracted        |       |       |       |       |       |     1 |     3 ||     4
 Armour: Leather armour    |    14 |     6 |       |       |       |       |       ||    20
         Plate armour      |       |    46 |     2 |    14 |    92 |       |       ||   154
         Scale mail        |       |       |    22 |    58 |       |       |       ||    80
         Chain mail        |       |       |       |       |    62 |   128 |   198 ||   388
  Dodge: Dodged            |    16 |    53 |    30 |   136 |   198 |   128 |   353 ||   914
  Block: Tower shield      |       |       |       |       |   169 |   293 |   642 ||  1104
         Reflection        |       |       |       |       |       |     4 |    16 ||    20

Table legend: (Time is in decaauts) A = Elapsed time spent in this place. B = Non-inter-level travel time spent in this place. C = Inter-level travel time spent in this place. D = Time resting spent in this place. E = Time spent auto-exploring this place. F = Levels seen in this place. G = Mean time per level. A B C D E F G +--------+--------+--------+--------+--------+-----+--------+ Total | 15608 | 15053 | 555 | 6719 | 0 | 1 | 15608.0 | Dungeon | 15608 | 15053 | 555 | 6719 | 0 | 1 | 15608.0 | +--------+--------+--------+--------+--------+-----+--------+

Top non-repeatable levels by time:
       D: 15608 daAuts
